 Dungeon Crawl Stone Soup version 0.20.1-1-g8b1a95d (webtiles) character file.

1327 Irenicus the Cleaver (level 8, -3/68 HPs)
             Began as a Deep Dwarf Berserker on Oct 30, 2017.
             Was a Priest of Trog.
             Slain by an ogre
             ... wielding a cursed -1 giant club
              (23 damage)
             ... on level 7 of the Dungeon.
             The game lasted 00:20:09 (3480 turns).

Irenicus the Cleaver (Deep Dwarf Berserker)         Turns: 3480, Time: 00:20:11

Health: -3/68      AC:  2    Str: 21    XL:     8   Next: 34%
Magic:  7/7        EV: 10    Int:  8    God:    Trog [***...]
Gold:   373        SH: 11    Dex: 14    Spells: 7/7 levels left

rFire    . . .     SeeInvis .   a - +1 hand axe
rCold    . . .     Gourm    .   q - +0 shield (curse)
rNeg     . . .     Faith    .   d - -2 leather armour (curse)
rPois    .         Spirit   .   k - +0 helmet
rElec    .         Reflect  +   (no cloak)
rCorr    .         Harm     .   (no gloves)
MR       +++..                  (no boots)
Stlth    ..........             h - +2 amulet of reflection
Regen    1.0/turn               g - ring of wizardry
MPRegen  0.1/turn               p - ring of loudness (curse)

@: berserk cooldown, non-regenerating
A: damage resistance, heal wounds, sense surroundings 1, no regeneration
a: Heal Wounds, Berserk, Trog's Hand, Burn Spellbooks, Renounce Religion


You were on level 7 of the Dungeon.
You worshipped Trog.
Trog was most pleased with you.
You were not hungry.

You visited 2 branches of the dungeon, and saw 8 of its levels.

You collected 373 gold pieces.

Inventory:

Hand Weapons
 a - a +1 hand axe (weapon)
Missiles
 E - 8 javelins (quivered)
Armour
 b - a +1 animal skin
 d - a cursed -2 leather armour (worn)
 k - a +0 helmet (worn)
 m - a +0 leather armour
 q - a cursed +0 shield (worn)
 r - a +0 crystal plate armour
Jewellery
 g - a ring of wizardry (left hand)
 h - a +2 amulet of reflection (around neck)
 p - a cursed ring of loudness (right hand)
Wands
 l - a wand of paralysis (9/24)
 A - a wand of paralysis (17/24)
 G - a wand of polymorph (8/24)
Scrolls
 e - 4 scrolls of identify
 j - a scroll of enchant armour
 u - 2 scrolls of enchant weapon
 w - 2 scrolls of amnesia
 x - 2 scrolls of teleportation
 y - 2 scrolls of recharging
 z - 3 scrolls of magic mapping
 C - a scroll of immolation
Potions
 f - a potion of curing
 i - a potion of mutation
 o - a potion of resistance
 s - 2 potions of brilliance
 t - a potion of cancellation
Books
 v - a book of Minor Magic

   Spells                             Type                      Level
   a - Magic Dart                     Conjuration                  1
   b - Blink                          Translocation                2
   c - Call Imp                       Summoning                    2
   d - Slow                           Hexes                        2
   e - Conjure Flame                  Conjuration/Fire             3
   f - Mephitic Cloud                 Conjuration/Poison/Air       3
   Trog disapproves of the use of such an item.
 H - a book of Maledictions

   Spells                             Type                      Level
   a - Corona                         Hexes                        1
   b - Ensorcelled Hibernation        Hexes/Ice                    2
   c - Confuse                        Hexes                        3
   d - Tukima's Dance                 Hexes                        3
   e - Dazzling Spray                 Conjuration/Hexes            3
   Trog disapproves of the use of such an item.
Comestibles
 c - 7 bread rations
 n - 3 meat rations
 F - a fruit


   Skills:
 - Level 2.6 Fighting
 + Level 11.2 Axes
 - Level 2.1 Armour
 - Level 2.1 Dodging
 - Level 2.0 Shields


You had 7 spell levels left.
You didn't know any spells.

Dungeon Overview and Level Annotations

Branches:
Dungeon (7/15)             Temple (1/1) D:6

Altars:
Cheibriados
Dithmenos
Elyvilon
Fedhas
Hepliaklqana
Makhleb
Nemelex Xobeh
Qazlal
Trog
Vehumet
Xom
Zin


Innate Abilities, Weirdness & Mutations

You are resistant to damage.
You can heal yourself by infusing magical energy.
You passively map a small area around you.
You do not regenerate.


Message History

The killer bee zombie barely misses you.
You hit the ogre.
The ogre is severely wounded.
You hit the killer bee zombie.
You feel the effects of Trog's Hand fading.
The killer bee zombie hits you. You block the ogre's attack.
The killer bee zombie barely misses you.
You hit the ogre.
The ogre is severely wounded.
You closely miss the killer bee zombie. The killer bee zombie hits you.
* * * LOW HITPOINT WARNING * * *
The ogre closely misses you.
Unknown command.
You slash the ogre!
The ogre is almost dead.
You hit the killer bee zombie. The killer bee zombie hits you.
* * * LOW HITPOINT WARNING * * *
You block the killer bee zombie's attack.
The ogre hits you with a giant club!!
You die...

#.........## ,
#..........+
..........# ,
#.........# ,
##........# ,
#.........##.,
,
#....Z.......
*
#...@O.......
#............
#............
,
#############


You could see an ogre and a killer bee zombie.

Vanquished Creatures
  Sigmund (D:3)
  The ghost of gungr the Changer, an amateur OpTm of Hepliaklqana (D:5)
  An ice beast (D:5)
  An ogre (D:6)
  A black bear (D:7)
  Blork the orc (D:6)
  2 scorpions
  A howler monkey (D:5)
  3 crimson imps
  A hound (D:2)
  A centaur skeleton (D:5)
  A bullfrog skeleton (D:3)
  An orc wizard (D:4)
  2 iguanas
  5 worker ants
  Robin (D:2)
  4 adders
  A howler monkey skeleton (D:5)
  An adder skeleton (D:5)
  2 worms
  A dart slug (D:2)
  2 leopard geckos (D:3)
  2 orcs (D:4)
  A ball python (D:3)
  8 bats
  4 giant cockroaches
  14 goblins
  5 hobgoblins
  9 jackals
  8 kobolds
  3 quokkas
  6 frilled lizards
  A leopard gecko skeleton (D:4)
  A quokka zombie (D:5)
  8 rats
105 creatures vanquished.

Notes
Turn   | Place    | Note
-------+----------+-------------------------------------------
     0 | D:1      | Irenicus the Deep Dwarf Berserker began the quest for the Orb.
     0 | D:1      | Reached XP level 1. HP: 20/20 MP: 1/1
   373 | D:2      | Reached skill level 4 in Axes
   373 | D:2      | Reached XP level 2. HP: 27/27 MP: 2/2
   374 | D:2      | Noticed Robin
   401 | D:2      | Killed Robin
   401 | D:2      | Reached ** piety under Trog
   401 | D:2      | Reached XP level 3. HP: 20/33 MP: 3/3
   457 | D:2      | Found a burning altar of Makhleb.
   471 | D:2      | Reached skill level 5 in Axes
   471 | D:2      | Reached XP level 4. HP: 7/40 MP: 4/4
  1087 | D:3      | Reached skill level 6 in Axes
  1277 | D:3      | Reached XP level 5. HP: 46/46 MP: 5/5
  1443 | D:3      | Noticed Sigmund
  1457 | D:3      | Killed Sigmund
  1457 | D:3      | Reached skill level 7 in Axes
  1457 | D:3      | Reached skill level 1 in Shields
  1457 | D:3      | Reached XP level 6. HP: 55/55 MP: 6/6
  1592 | D:4      | Reached *** piety under Trog
  1818 | D:4      | Reached skill level 8 in Axes
  2138 | D:4      | Reached XP level 7. HP: 29/61 MP: 7/7
  2153 | D:5      | Entered Level 5 of the Dungeon
  2659 | D:5      | Reached skill level 9 in Axes
  2677 | D:5      | Noticed gungr's ghost (amateur OpTm)
  2698 | D:5      | Killed gungr's ghost
  2738 | D:5      | Reached skill level 10 in Axes
  2891 | D:5      | Found a snail-covered altar of Cheibriados.
  3096 | D:6      | Reached XP level 8. HP: 57/68 MP: 8/8
  3160 | D:6      | Noticed Blork the orc
  3167 | D:6      | Killed Blork the orc
  3290 | D:6      | Found a staircase to the Ecumenical Temple.
  3315 | Temple   | Entered the Ecumenical Temple
  3329 | D:6      | Reached skill level 11 in Axes
  3467 | D:7      | HP: 3/68 [killer bee zombie (3)]
  3480 | D:7      | Slain by an ogre

Skill      XL: |  1  2  3  4  5  6  7  8 |
---------------+-------------------------+-----
Axes           | 4 5 6 7 8 10 11 | 11.2
Shields        | 1 2 |  2.0
Fighting       | |  2.6
Armour         | |  2.1
Dodging        | |  2.1

Action                   |  1- 3 |  4- 6 |  7- 9 || total
-------------------------+-------+-------+-------++-------
Melee: Hand axe          |    55 |   164 |   148 ||   367
Throw: Javelin           |       |       |     2 ||     2
Invok: Berserk           |     1 |    10 |     9 ||    20
       Trog's Hand       |       |       |     1 ||     1
 Abil: Heal Wounds       |       |       |     3 ||     3
  Use: Scroll            |     7 |     6 |     2 ||    15
       Potion            |     1 |     3 |     5 ||     9
  Eat: Chunk             |       |    14 |     5 ||    19
       Bread ration      |       |       |     2 ||     2
Armor: Leather armour    |     6 |    20 |     8 ||    34
       Skin              |    19 |       |     6 ||    25
Dodge: Dodged            |    31 |    79 |    51 ||   161
Block: Other             |     4 |     2 |       ||     6
       Shield            |       |    28 |    65 ||    93
       Reflection        |       |     3 |       ||     3
